 Dungeon Crawl Stone Soup version 0.32-a0-160-g465344b4ef (webtiles) character file.

Game seed: 4905679139938564508

107 iamserjio the Caller (level 4, 0/33 HPs)
             Began as a Demigod Summoner on Feb 11, 2024.
             Asphyxiated
             ... in a sewer.
             The game lasted 00:06:03 (817 turns).

iamserjio the Caller (Demigod Summoner)              Turns: 817, Time: 00:06:03

Health: 0/33       AC:  2    Str:  9    XL:     4   Next: 31%
Magic:  7/10       EV: 12    Int: 21    God:
Gold:   94         SH:  0    Dex: 14    Spells: 1/7 levels left

rFire   . . .        k - +1 war axe (heavy)
rCold   . . .        (no shield)
rNeg    . . .        a - +0 robe
rPois   .            (no helmet)
rElec   .            (no cloak)
rCorr   .            (no gloves)
SInv    .            (no boots)
Will    .....        (no amulet)
Stlth   ++           (no ring)
HPRegen 0.25/turn    (no ring)
MPRegen 0.12/turn

%: no passive effects
@: lethally poisoned (0 -> -16)
A: high MP 1, forlorn, divine attributes
a: no special abilities


You were in a sewer.
You visited 1 branch of the dungeon, and saw 4 of its levels.
You also visited: Sewer.

You collected 94 gold pieces.

Inventory:

Hand Weapons
 c - a +0 spear
 k - a +1 heavy war axe (weapon)
 p - a +2 dagger of venom
Missiles
 m - 4 poisoned darts
Armour
 a - a +0 robe (worn)
Wands
 g - a wand of light (4)
Scrolls
 d - 2 scrolls of fog {unknown}
 f - a scroll of revelation {unknown}
 h - a scroll of identify {unknown}
 l - a scroll of teleportation {unknown}
 n - a scroll of vulnerability {unknown}
 o - a scroll of immolation {unknown}
Potions
 b - a potion of magic
 e - a potion of lignification
 i - a potion of mutation {unknown}
 j - a potion of enlightenment {unknown}


   Skills:
 - Level 1.7 Dodging
 - Level 1.7 Stealth
 + Level 2.4 Spellcasting
 * Level 4.5 Summonings
 * Level 1.1 Ice Magic
 - Level 1.4 Air Magic


You had one spell level left.
You knew the following spells:

 Your Spells              Type           Power      Damage    Failure   Level
a - Summon Small Mammal   Summ           84%        N/A       2%          1
b - Summon Ice Beast      Ice/Summ       14%        N/A       13%         3
c - Call Imp              Summ           42%        N/A       3%          2

Your spell library contained the following spells:

 Spells                   Type           Power      Damage    Failure   Level
 Call Canine Familiar     Summ           21%        N/A       6%          3
 Lesser Beckoning         Tloc           4%         N/A       22%         2
 Hailstorm                Conj/Ice       4%         3d5       34%         3
 Gell's Gravitas          Tloc           2%         N/A       38%         3
 Teleport Other           Tloc           2%         N/A       38%         3
 Summon Lightning Spire   Summ/Air       15%        N/A       38%         4
 Summon Blazeheart Golem  Fire/Summ      12%        N/A       50%         4
 Sculpt Simulacrum        Ice/Alch       2%         N/A       100%        6


Dungeon Overview and Level Annotations

Branches:
Dungeon (4/15) Zot: 23154   Sewer (1/1) Zot: 5959
 Temple: D:4-7


Innate Abilities, Weirdness & Mutations

You have an increased reservoir of magic. (+10% MP)
You shall have no god before yourself.
Your divine heritage dramatically boosts your attributes as you level up.


Message History

g - Guard the area. f - Follow me.
Anything else - Cancel.
Gang up on whom?
Press: ? - help, Dir - move target, f - kobold brigand
Aim: a kobold brigand, wielding a +0 dagger and quivering curare-tipped darts (ally target) Attack!
The kobold brigand throws a curare-tipped dart.
The curare-tipped dart closely misses your cerulean imp.
The curare-tipped dart closely misses you.
Your ice beast closely misses the kobold brigand.
Your cerulean imp closely misses the kobold brigand.
The kobold brigand throws a curare-tipped dart.
The curare-tipped dart hits your cerulean imp.
Your ice beast barely misses the kobold brigand.
Your cerulean imp misses the kobold brigand.
The kobold brigand hits your ice beast but does no damage.
Your ice beast closely misses the kobold brigand.
Your cerulean imp misses the kobold brigand.
The kobold brigand closely misses your cerulean imp.
Your ice beast hits the kobold brigand but does no damage.
Your cerulean imp misses the kobold brigand.
The kobold brigand throws a curare-tipped dart.
The curare-tipped dart hits your ice beast.
Your ice beast barely misses the kobold brigand.
Your cerulean imp hits the kobold brigand but does no damage.
The kobold brigand hits your cerulean imp with a +0 dagger.
Your ice beast hits the kobold brigand.
Your ice beast freezes the kobold brigand!
Your cerulean imp closely misses the kobold brigand.
The kobold brigand hits your ice beast with a +0 dagger.
Your ice beast hits the kobold brigand.
Your ice beast freezes the kobold brigand!
Your cerulean imp barely misses the kobold brigand.
You swing at nothing.
The kobold brigand throws a curare-tipped dart.
The curare-tipped dart barely misses your ice beast.
The curare-tipped dart hits you.
You are lethally poisoned!
You have difficulty breathing.
You die...

#~≈~#.∩∩#
#~~~'...#
#~≈~######
#~≈~#!...#
#~≈~#.∩..#
#~≈~#....#
#~≈~#..K.#
#~~~##Y5##
#~≈~#.@..#
#~≈~#~†..###
#~≈~~~†....#
#~≈~~~~...##
#~≈~#~~...#
#~~~#~~....#
#~≈~#......#
~~~≈~#......#
~~~~≈~#......#


You could see a kobold brigand (ally target), a friendly ice beast (summoned)
and a friendly cerulean imp (summoned).

Vanquished Creatures
  A sleepcap (D:4)
  An adder (D:4)
  A river rat (D:4)
  A shadow imp (D:4)
  A dart slug (D:3)
  5 orcs
  A ball python (D:4)
  2 giant cockroaches
  A goblin (D:1)
  3 kobolds (D:4)
  2 quokkas
  A frilled lizard (D:3)
  6 rats
26 creatures vanquished.

Vanquished Creatures (collateral kills)
  An adder (Sewer)
  A ribbon worm (D:4)
  A ball python (D:1)
  2 bats
  2 endoplasms
  2 frilled lizards
  4 kobolds
  A rat (D:3)
14 creatures vanquished.

Grand Total: 40 creatures vanquished

Notes
Turn   | Place    | Note
-------+----------+-------------------------------------------
     0 | D:1      | iamserjio the Demigod Summoner began the quest for the Orb.
     0 | D:1      | Reached XP level 1. HP: 14/14 MP: 5/5
   193 | D:1      | You fall into a shaft and drop 1 floor!
   322 | D:1      | Reached XP level 2. HP: 15/20 MP: 5/7
   415 | D:3      | Reached skill level 4 in Summonings
   486 | D:4      | Reached skill level 1 in Air Magic
   486 | D:4      | Reached XP level 3. HP: 26/26 MP: 8/8
   530 | D:4      | Learned a level 3 spell: Summon Ice Beast
   533 | D:4      | Learned a level 2 spell: Call Imp
   748 | D:4      | Found a glowing drain.
   756 | D:4      | Reached XP level 4. HP: 17/33 MP: 1/10
   787 | Sewer    | Entered a sewer
   806 | Sewer    | Reached skill level 1 in Ice Magic
   808 | Sewer    | Noticed a kobold brigand
   817 | Sewer    | Asphyxiated

Illustrated notes

Levels and vault maps discovered:
D:1:      ncdulo_smallfort, layout_loops_corners
D:2:      layout_basic, kennysheep_big_empty_room, dk_vineyard_3, minivault_27
D:3:      layout_basic, zin_statuary, mainiacjoe_overflow_catch_the_wave
D:4:      cheibrodos_fertilizer, layout_rooms, portal_sewer_entry_b
Sewer:    kennysheep_pipe_town

Skill      XL: |  1  2  3  4 |
---------------+-------------+-----
Spellcasting   | 2 |  2.4
Summonings     | 4 |  4.5
Air Magic      | 1 |  1.4
Ice Magic      | 1 |  1.1
Dodging        | |  1.7
Stealth        | |  1.7

Action                     |  1- 3 |  4- 6 || total
---------------------------+-------+-------++-------
  Melee: Spear             |    19 |       ||    19
         Unarmed           |     5 |       ||     5
         War axe           |    24 |    10 ||    34
   Cast: Summon Small Mamm |    24 |       ||    24
         Call Imp          |     4 |     1 ||     5
         Summon Ice Beast  |       |     1 ||     1
  Evoke: Wand              |     3 |       ||     3
    Use: Potion            |     1 |       ||     1
   Stab: Sleeping          |     1 |       ||     1
 Armour: Robe              |    38 |     8 ||    46
         Skin              |     2 |    11 ||    13
  Dodge: Dodged            |    36 |     8 ||    44

Table legend: (Time is in decaauts)
 A = Elapsed time spent in this place.
 B = Non-inter-level travel time spent in this place.
 C = Inter-level travel time spent in this place.
 D = Time resting spent in this place.
 E = Time spent auto-exploring this place.
 F = Levels seen in this place.
 G = Mean time per level.
                   A        B        C        D        E       F      G
               +--------+--------+--------+--------+--------+-----+--------+
         Total |    883 |    883 |      0 |      0 |     20 |   5 |  176.6 |
       Dungeon |    845 |    845 |      0 |      0 |     20 |   4 |  211.2 |
         Sewer |     38 |     38 |      0 |      0 |      0 |   1 |   38.0 |
               +--------+--------+--------+--------+--------+-----+--------+

Top non-repeatable levels by time:
     D:4: 326 daAuts
     D:1: 279 daAuts
     D:3: 171 daAuts
     D:2: 68 daAuts
   Sewer: 38 daAuts
